 Dungeon Crawl Stone Soup version 0.25-b1-37-g2669288c55 (webtiles) character file.

Game seed: 13843730483763761190

16 grindst0ne the Sneak (level 2, -1/13 HPs)
             Began as a Spriggan Enchanter on June 5, 2020.
             Slain by a hobgoblin
             ... wielding a +0 club
              (2 damage)
             ... on level 1 of the Dungeon.
             The game lasted 00:00:52 (443 turns).

grindst0ne the Sneak (Spriggan Enchanter)            Turns: 443, Time: 00:00:53

Health: -1/13      AC:  2    Str:  4    XL:     2   Next: 41%
Magic:  5/7        EV: 18    Int: 16    God:
Gold:   17         SH:  0    Dex: 16    Spells: 4/7 levels left

rFire    . . .     SeeInvis +   a - +1 dagger
rCold    . . .     Gourm    .   (shield restricted)
rNeg     . . .     Faith    .   b - +0 robe
rPois    .         Spirit   .   (helmet restricted)
rElec    .         Reflect  .   (no cloak)
rCorr    .         Harm     .   (gloves unavailable)
MR       .....                  (boots unavailable)
Stlth    +++.......             (no amulet)
HPRegen  0.04/turn              (no ring)
MPRegen  0.10/turn              (no ring)

@: very quick
A: very small, unfitting armour, see invisible, herbivore, speed 3, slow
metabolism 2
a: no special abilities


You were on level 1 of the Dungeon.
You were not hungry.

You visited 1 branch of the dungeon, and saw 1 of its levels.

You collected 17 gold pieces.

Inventory:

Hand Weapons
 a - a +1 dagger (weapon)
Armour
 b - a +0 robe (worn)
Potions
 c - a potion of degeneration {unknown}
 e - a potion of mutation {unknown}
 f - a potion of heal wounds {unknown}
Comestibles
 d - a ration


   Skills:
 + Level 1.5 Short Blades
 + Level 3.3 Dodging
 + Level 4.7 Stealth
 - Level 3.0 Spellcasting
 + Level 3.8 Hexes


You had 4 spell levels left.
You knew the following spells:

 Your Spells              Type           Power        Failure   Level  Hunger
a - Corona                Hex            ##.....      3%          1    #......
b - Ensorcelled Hibernat  Hex/Ice        #.....       13%         2    ##.....

Your spell library contained the following spells:

 Spells                   Type           Power        Failure   Level  Hunger
 Confusing Touch          Hex            ##......     12%         3    ###....
 Tukima's Dance           Hex            ##......     12%         3    ###....
 Dazzling Flash           Conj/Hex       #.....       26%         3    ###....


Dungeon Overview and Level Annotations

Branches:
Dungeon (1/15)

Altars:


Innate Abilities, Weirdness & Mutations

You are very small and have problems with some larger weapons.
You are too small for most types of armour.
You have supernaturally acute eyesight. (SInv)
You are a herbivore.
You cover ground extremely quickly.
You need to consume almost no food.


Message History

You hit the leopard gecko but do no damage.
The leopard gecko barely misses you. x2
You barely miss the leopard gecko. The leopard gecko bites you.
You hit the leopard gecko but do no damage.
The hobgoblin barely misses you. The leopard gecko closely misses you.
The hobgoblin hits you with a +0 club!
Ouch! That really hurt!
* * * LOW HITPOINT WARNING * * *
Casting: Corona (safe; 3% risk of failure)
Confirm with . or Enter, or press ? or * to list all spells.
Aiming: Ensorcelled Hibernation (safe; 13% risk of failure)
Press: ? - help, Shift-Dir - straight line, f - hobgoblin
Aim: a hobgoblin, wielding a +0 club (chance to defeat MR: 57%)
The hobgoblin looks drowsy...
The hobgoblin shouts!
The hobgoblin misses you.
You hit the hobgoblin.
The hobgoblin is moderately wounded.
The hobgoblin hits you with a +0 club.
You die...

##..........# ##..####.#...)
####### #..#####...###
#.....# #.#......>## #.....#
#.#.....#.####
#.....#####.#.....#.##.#
#.................#.##..
#.....####..#.....#..#.#
###......@..........##...#
####.......g######...........
#....#.....l).....#...###....
#....#.##.........#.####.....
#......##....>....#.# ##.#...
#....)###...........###....##
#....## #####.###...##.[...##
#....# #..#....)...##.#.
###### #..........###.#.


You could see a leopard gecko (corona) and a hobgoblin.

Vanquished Creatures
  An ooze (D:1)
  A dart slug (D:1)
  3 bats (D:1)
  A giant cockroach (D:1)
  A goblin (D:1)
  3 kobolds (D:1)
  A rat (D:1)
11 creatures vanquished.

Notes
Turn   | Place    | Note
-------+----------+-------------------------------------------
     0 | D:1      | grindst0ne the Spriggan Enchanter began the quest for the
                  | Orb.
     0 | D:1      | Reached XP level 1. HP: 9/9 MP: 5/5
    47 | D:1      | Reached XP level 2. HP: 13/13 MP: 6/6
    55 | D:1      | Learned a level 2 spell: Ensorcelled Hibernation
   443 | D:1      | Slain by a hobgoblin

Illustrated notes

Levels and vault maps discovered:
D:1:      dpeg_arrival_rooms_c, layout_rooms

Skill      XL: |  1  2 |
---------------+-------+-----
Spellcasting   | 3 |  3.0
Short Blades   | |  1.5
Dodging        | |  3.3
Stealth        | |  4.7
Hexes          | |  3.8

Action                   || total
-------------------------++-------
Melee: Dagger            ||    39
 Cast: Ensorcelled Hiber ||     2
       Corona            ||     2
 Stab: Sleeping          ||     4
Armor: Robe              ||     3
Dodge: Dodged            ||    45
